 Dungeon Crawl Stone Soup version 0.31-a0-1-g4198be8af4 (webtiles) character file.

Game seed: 6687180516070118261

42 retardedninja the Firebug (level 3, -2/25 HPs)
             Began as a Gnoll Fire Elementalist on May 1, 2023.
             Slain by a gnoll
             ... wielding a +0 spear
              (4 damage)
             ... on level 1 of the Dungeon.
             The game lasted 00:02:07 (2116 turns).

retardedninja the Firebug (Gnoll Fire Elementalist) Turns: 2116, Time: 00:02:07

Health: -2/25      AC:  2    Str:  7    XL:     3   Next: 54%
Magic:  9/9        EV: 13    Int: 16    God:
Gold:   45         SH:  0    Dex: 12    Spells: 9/12 levels left

rFire   . . .        (no weapon)
rCold   . . .        (no shield)
rNeg    . . .        a - +0 robe
rPois   .            (no helmet)
rElec   .            (no cloak)
rCorr   .            (no gloves)
SInv    .            (no boots)
Will    .....        (no amulet)
Stlth   ++           (no ring)
HPRegen 0.24/turn    (no ring)
MPRegen 0.11/turn

%: no passive effects
@: lethally poisoned (-2 -> -12), attractive
A: fangs 1, strong nose, distributed training
a: no special abilities


You were on level 1 of the Dungeon.
You visited 1 branch of the dungeon, and saw 2 of its levels.

You collected 45 gold pieces.

Inventory:

Armour
 a - a +0 robe (worn)
Jewellery
 e - a +6 ring of dexterity
Scrolls
 d - a scroll of amnesia {unknown}
 f - a scroll of magic mapping {unknown}
 g - a scroll of fear {unknown}
 h - a scroll of acquirement {unknown}
 i - a scroll of teleportation {unknown}
Potions
 b - a potion of magic


   Skills:
 + Level 0.9 Fighting
 + Level 0.9 Short Blades
 + Level 0.9 Long Blades
 + Level 0.9 Axes
 + Level 0.9 Maces & Flails
 + Level 0.9 Polearms
 + Level 0.9 Staves
 + Level 0.9 Ranged Weapons
 + Level 0.9 Throwing
 + Level 0.9 Armour
 + Level 4.5 Dodging
 + Level 4.2 Stealth
 + Level 0.9 Shields
 + Level 0.9 Unarmed Combat
 + Level 5.0 Spellcasting
 + Level 2.1 Conjurations
 + Level 0.6 Hexes
 + Level 0.6 Summonings
 + Level 0.6 Necromancy
 + Level 0.6 Translocations
 + Level 0.6 Transmutations
 + Level 5.4 Fire Magic
 + Level 0.6 Ice Magic
 + Level 0.6 Air Magic
 + Level 0.6 Earth Magic
 + Level 0.6 Poison Magic
 + Level 1.0 Invocations
 + Level 0.9 Evocations


You had 9 spell levels left.
You knew the following spells:

 Your Spells              Type           Power      Damage    Failure   Level
a - Foxfire               Conj/Fire      64%        2x1d7     3%          1
b - Scorch                Fire           42%        2d7       2%          2

Your spell library contained the following spells:

 Spells                   Type           Power      Damage    Failure   Level
 Inner Flame              Hex/Fire       13%        N/A       13%         3
 Volatile Blastmotes      Fire/Tloc      26%        2d12      13%         3
 Flame Wave               Conj/Fire      16%        2d7       32%         4


Dungeon Overview and Level Annotations

Branches:
Dungeon (2/15)

Altars:


Innate Abilities, Weirdness & Mutations

You have very sharp teeth.
Your uncanny sense of smell can sniff out nearby items.
Your experience applies equally to all skills.


Message History

There is a stone staircase leading down here.
Casting: Foxfire (safe; 3% risk of failure)
Confirm with . or Enter, or press ? or * to list all spells.
Flames lash the gnoll.
The gnoll is heavily wounded.
The gnoll's fire resistance burns away.
The gnoll completely misses you.
Unknown command.
Casting: Scorch (safe; 2% risk of failure)
Confirm with . or Enter, or press ? or * to list all spells.
Flames lash the gnoll.
The gnoll is burned terribly!
You kill the gnoll!
Your Invocations skill increases to level 1!
Unknown command.
You start resting.
Magic restored.
You start waiting.
Done waiting.
You climb downwards.
A gnoll comes into view. It is wielding a +0 spear.
There is a stone staircase leading up here.
The gnoll barely misses you.
There is a stone staircase leading up here.
The gnoll hits you with a +2 spear of venom.
You are poisoned.
The gnoll shouts!
There is a stone staircase leading up here.
You feel sick. The gnoll barely misses you.
The gnoll hits you with a +2 spear of venom!
You are lethally poisoned!
You climb upwards.
* * * LOW HITPOINT WARNING * * *
You feel very sick.
There is a stone staircase leading down here.
Your magic is already full.
It was a potion of attraction.
You feel attractive to monsters.
* * * LOW HITPOINT WARNING * * *
You feel very sick. The gnoll misses you. The gnoll hits you with a +0 spear.
You die...

#.####.# ###~~~~~≈≈≈≈≈## #
#.# #.# #...~~≈~~~≈≈## #
#.####.# #........~~≈≈# #
#....#.## #.........≈≈≈# #
#.##....# #.........#≈≈≈#
# #.####.##
#.........##≈≈# # #...†..#
#.........# #≈# # ########
#g........# ## #
#@g......<# ###########
########## #######
#....>##.###.....#
#########.....###.#.####.#
#..............###.## #.#
# #.#######.......##.# #.#
# ##.#### #......###.# #.#
# ......# ###.#.####.# #.#
#


You could see 2 gnolls.

Vanquished Creatures
  A gnoll (D:1)
  3 ball pythons (D:1)
  5 bats (D:1)
  6 endoplasms
  3 goblins
  5 hobgoblins
  A frilled lizard (D:1)
  2 kobolds (D:1)
  2 rats
28 creatures vanquished.

Vanquished Creatures (others)
  114 foxfires
114 creatures vanquished.

Grand Total: 142 creatures vanquished

Notes
Turn   | Place    | Note
-------+----------+-------------------------------------------
     0 | D:1      | retardedninja the Gnoll Fire Elementalist began the quest
                  | for the Orb.
     0 | D:1      | Reached XP level 1. HP: 13/13 MP: 6/6
   218 | D:1      | Reached XP level 2. HP: 19/19 MP: 5/7
  1472 | D:1      | Reached skill level 5 in Spellcasting
  1472 | D:1      | Reached XP level 3. HP: 25/25 MP: 5/9
  1854 | D:1      | Learned a level 2 spell: Scorch
  1971 | D:1      | Reached skill level 1 in Invocations
  2116 | D:1      | Slain by a gnoll

Illustrated notes

Levels and vault maps discovered:
D:1:      lemuel_arrival_river_ford, layout_loops_corners
D:2:      layout_loops_corners

Skill      XL: |  1  2  3 |
---------------+----------+-----
Conjurations   | 2 |  2.1
Spellcasting   | 5 |  5.0
Invocations    | 1 |  1.0
Fighting       | |  0.9
Short Blades   | |  0.9
Long Blades    | |  0.9
Axes           | |  0.9
Maces & Flails | |  0.9
Polearms       | |  0.9
Staves         | |  0.9
Ranged Weapons | |  0.9
Throwing       | |  0.9
Armour         | |  0.9
Dodging        | |  4.5
Stealth        | |  4.2
Shields        | |  0.9
Unarmed Combat | |  0.9
Hexes          | |  0.6
Summonings     | |  0.6
Necromancy     | |  0.6
Translocations | |  0.6
Transmutations | |  0.6
Fire Magic     | |  5.4
Ice Magic      | |  0.6
Air Magic      | |  0.6
Earth Magic    | |  0.6
Poison Magic   | |  0.6
Evocations     | |  0.9

Action                     || total
---------------------------++-------
  Melee: Unarmed           ||     4
         Bite              ||     1
   Cast: Foxfire           ||    71
         Scorch            ||     2
    Use: Potion            ||     1
 Armour: Robe              ||     5
  Dodge: Dodged            ||    45

Table legend: (Time is in decaauts)
 A = Elapsed time spent in this place.
 B = Non-inter-level travel time spent in this place.
 C = Inter-level travel time spent in this place.
 D = Time resting spent in this place.
 E = Time spent auto-exploring this place.
 F = Levels seen in this place.
 G = Mean time per level.
                   A        B        C        D        E       F      G
               +--------+--------+--------+--------+--------+-----+--------+
         Total |   2122 |   2079 |     43 |    307 |   1495 |   2 | 1061.0 |
       Dungeon |   2122 |   2079 |     43 |    307 |   1495 |   2 | 1061.0 |
               +--------+--------+--------+--------+--------+-----+--------+

Top non-repeatable levels by time:
     D:1: 1884 daAuts
     D:2: 237 daAuts
